 Dungeon Crawl Stone Soup version 0.30.0-29-ga12c61a403 (webtiles) character file.

Game seed: 11532785831431692979

12700 qw the Cleaver (level 11, -18/72 HPs)
             Began as a Gargoyle Fighter on June 4, 2023.
             Was an Elder of Okawaru.
             Demolished by a tyrant leech (22 damage)
             ... on level 2 of the Lair of Beasts.
             The game lasted 00:05:18 (10542 turns).

qw the Cleaver (Gargoyle Fighter)                  Turns: 10542, Time: 00:05:19

Health: -18/72     AC: 33    Str: 24    XL:     11   Next: 97%
Magic:  14/14      EV:  9    Int:  9    God:    Okawaru [****..]
Gold:   704        SH: 13    Dex:  9    Spells: 10/10 levels left

rFire   . . .        v - +1 broad axe
rCold   . . .        w - +2 buckler of the Wizarding Planets {Stlth+}
rNeg    + . .        b - +0 plate armour
rPois   inf          j - +1 helmet
rElec   +            k - +0 cloak
rCorr   .            p - +2 pair of gloves
SInv    .            t - +0 pair of boots
Will    .....        e - amulet of reflection Stlth
                     (no ring)
HPRegen 0.32/turn    (no ring)
MPRegen 0.14/turn

%: reflection
@: heroic
A: sickness immunity, AC +8, negative energy resistance 1, electricity
resistance, torment resistance 1, petrification resistance
a: Renounce Religion, Heroism, Finesse


You were on level 2 of the Lair of Beasts.
You worshipped Okawaru.
Okawaru was greatly pleased with you.
You visited 3 branches of the dungeon, and saw 13 of its levels.

You collected 704 gold pieces.


Innate Abilities, Weirdness & Mutations

You are immune to sickness and miasma.
Your stone body is resilient. (AC +8)
You are immune to poison.
You resist negative energy. (rN+)
You are resistant to electric shocks. (rElec)
You are resistant to unholy torment.
You are immune to petrification.


   Skills:
 - Level 10.0(15.0) Fighting
 - Level 12.1(17.1) Axes
 - Level 1.8(6.8) Throwing
 + Level 9.0(14.0) Armour
 - Level 2.2(7.2) Dodging
 - Level 6.0(11.0) Shields
 + Level 4.7 Invocations


You had 10 spell levels left.
You didn't know any spells.
Your spell library was empty.

Inventory:

Hand Weapons
 u - a +1 morningstar of flaming
 v - a +1 broad axe (weapon)
Missiles
 l - 8 boomerangs (quivered)
Armour
 b - a +0 plate armour (worn)
 j - a +1 helmet (worn)
 k - a +0 cloak (worn)
 p - a +2 pair of gloves (worn)
 t - a +0 pair of boots (worn)
 w - the +2 buckler of the Wizarding Planets (worn) {Stlth+}
   (You acquired it on level 1 of the Lair of Beasts)

   Stlth:     It makes you more stealthy.
Jewellery
 e - an amulet of reflection (around neck)
 h - a ring of fire
 n - a ring of ice
Scrolls
 g - 9 scrolls of identify
Potions
 a - 3 potions of lignification
 d - 2 potions of might
 f - 2 potions of resistance
 i - a potion of magic
 m - a potion of cancellation
 q - 2 potions of attraction
 r - a potion of curing
 s - a potion of haste

Dungeon Overview and Level Annotations

Branches:
Dungeon (9/15)             Temple (1/1) D:7            Lair (3/5) D:9
  Swamp: Lair:2-3    Shoals: Lair:2-3     Snake: Lair:2-3    Spider: Lair:2-3
    Orc: D:9-12

Altars:
Ashenzari
Cheibriados
Dithmenos
Elyvilon
Fedhas
Gozag
Hepliaklqana
Kikubaaqudgha
Makhleb
Nemelex Xobeh
Okawaru
Qazlal
Ru
Sif Muna
Trog
Uskayaw
Vehumet
Wu Jian
Xom
Yredelemnul
Zin
The Shining One

Shops:
D:8 *


Message History

The blink frog blinks!
You block the tyrant leech's attack.
You hit the tyrant leech but do no damage.
The tyrant leech is lightly wounded.
You closely miss the swamp worm. You block the swamp worm's attack.
You barely miss the tyrant leech.
The tyrant leech is lightly wounded.
You slice the swamp worm!! You block the swamp worm's attack.
The tyrant leech bites you but does no damage.
You slash the swamp worm!
You kill the swamp worm!
Okawaru accepts your kill.
You can now speed up your combat.
You barely miss the tyrant leech.
The swamp worm fires a harpoon shot at you.
The harpoon shot hits you.
You are yanked forward by the harpoon shot.
Your base Fighting skill increases to level 10!
You hit the tyrant leech but do no damage.
The tyrant leech is lightly wounded.
You slash the swamp worm!
The swamp worm bites you but does no damage.
You block the tyrant leech's attack.
You barely miss the swamp worm.
The swamp worm is heavily wounded.
You hit the tyrant leech but do no damage.
The swamp worm bites you but does no damage.
The blink frog blinks!
The tyrant leech bites you but does no damage.
You barely miss the swamp worm.
The swamp worm is heavily wounded.
You hit the tyrant leech but do no damage.
The swamp worm bites you!
You hit the swamp worm.
The swamp worm is severely wounded.
You hit the tyrant leech. You slash the tyrant leech!
The blink frog blinks!
The swamp worm bites you but does no damage.
You block the tyrant leech's attack. The tyrant leech bites you!!
You die...

## ## ###.#
##.## #.....
#....###......
#F.#.........
##...%........
#....%........
#......w......
#.#....@w.....7
#..###w....77~
#..## ##...7¤¤
##...# ....~
#...## ###..7~
###P..P###....77
#..............7
##.......#...#
##..........##


You could see 2 tyrant leeches, a swamp worm and a blink frog.

Vanquished Creatures
  A death yak (Lair:1)
  Pikel (D:7)
  2 cane toads
  2 rime drakes (Lair:1)
  Maggie (D:8)
  A tyrant leech (Lair:2)
  8 blink frogs
  A wyvern (Lair:1)
  A shadow (D:9)
  A basilisk (Lair:1)
  A wraith (D:7)
  16 yaks
  4 steam dragons
  2 swamp worms (Lair:2)
  4 water moccasins
  5 orc warriors
  2 ice beasts (D:8)
  A sky beast (D:6)
  4 wolves (Lair:1)
  3 lemures (D:7)
  4 centaurs
  A phantom (D:5)
  2 kobold brigands
  9 bullfrogs
  2 gnoll sergeants
  A scorpion (D:5)
  5 wights (D:8)
  5 killer bees (D:7)
  4 howler monkeys
  An electric eel (D:9)
  4 jellies
  6 hounds
  10 orc priests
  A sleepcap (D:5)
  5 iguanas
  13 orc wizards
  Robin (D:3)
  9 gnolls
  8 adders
  4 shadow imps
  5 white imps
  An ufetubus (D:8)
  2 worms (D:3)
  2 dart slugs
  43 orcs
  5 ball pythons
  10 endoplasms
  4 giant cockroaches
  14 goblins
  14 hobgoblins
  3 jackals
  9 kobolds
  3 quokkas
  5 bats
  6 frilled lizards
  8 rats
290 creatures vanquished.

Notes
Turn   | Place    | Note
-------+----------+-------------------------------------------
     0 | D:1      | qw the Gargoyle Fighter began the quest for the Orb.
     0 | D:1      | Reached XP level 1. HP: 14/14 MP: 1/1
     0 | D:1      | 0 ||| qw: Version: 0.2-a-106-g05974ce
     0 | D:1      | 0 ||| qw: Game counter: 1146
     0 | D:1      | 0 ||| qw: Always use a shield: true
     0 | D:1      | 0 ||| qw: God list: Okawaru
     0 | D:1      | 0 ||| qw: Allow faded altars: false
     0 | D:1      | 0 ||| qw: Do Orc after D:15 true
     0 | D:1      | 0 ||| qw: Do second Lair branch before Depths: true
     0 | D:1      | 0 ||| qw: Lair rune preference: random
     0 | D:1      | 0 ||| qw: Plans: Normal, Zot:1-4, Slime:5, God:TSO, Crypt,
                  | Tomb, Abyss, Pan, Hells, Win
     0 | D:1      | 0 ||| PLANNING D:1-11
    46 | D:1      | Reached skill level 2 in Axes
   144 | D:1      | Reached XP level 2. HP: 19/19 MP: 2/2
   278 | D:1      | Reached skill level 3 in Axes
   354 | D:1      | Reached XP level 3. HP: 23/23 MP: 3/3
   428 | D:1      | Found a faded altar of an unknown god.
   971 | D:1      | 971 ||| UPGRADING to +0 helmet.
   976 | D:1      | 976 ||| DROPPING scarf of harm.
   977 | D:1      | 977 ||| READING scroll labelled GUR YCACAYRUCW.
   978 | D:1      | 978 ||| READING scroll labelled CICLUG XOUPOI.
   979 | D:1      | 979 ||| READING scroll labelled LIATHO ABEKU.
  1042 | D:2      | 1042 ||| Stepping ~*~*~tactically~*~*~ (stealth).
  1173 | D:2      | 1173 ||| Stepping ~*~*~tactically~*~*~ (hiding).
  1174 | D:2      | 1174 ||| Stepping ~*~*~tactically~*~*~ (hiding).
  1175 | D:2      | 1175 ||| Stepping ~*~*~tactically~*~*~ (hiding).
  1375 | D:2      | 1375 ||| DRINKING 2 black potions.
  1420 | D:3      | Reached XP level 4. HP: 27/28 MP: 4/4
  1431 | D:3      | 1431 ||| Stepping ~*~*~tactically~*~*~ (hiding).
  1458 | D:3      | 1458 ||| Stepping ~*~*~tactically~*~*~ (stealth).
  1517 | D:3      | Reached skill level 4 in Axes
  1531 | D:3      | 1531 ||| READING scroll of enchant weapon.
  1531 | D:3      | 1531 ||| ENCHANTING +1 war axe.
  1723 | D:3      | 1723 ||| Stepping ~*~*~tactically~*~*~ (stealth).
  1793 | D:3      | 1793 ||| SWAPPING to +1 war axe of draining.
  1902 | D:3      | 1902 ||| Stepping ~*~*~tactically~*~*~ (hiding).
  1903 | D:3      | 1903 ||| Stepping ~*~*~tactically~*~*~ (hiding).
  2005 | D:3      | 2005 ||| Stepping ~*~*~tactically~*~*~ (stealth).
  2144 | D:3      | Found a sacrificial altar of Ru.
  2215 | D:3      | Found a burning altar of Makhleb.
  2215 | D:3      | Noticed Robin
  2225 | D:3      | Killed Robin
  2226 | D:3      | Reached XP level 5. HP: 27/32 MP: 5/5
  2248 | D:3      | 2248 ||| DROPPING +0 club.
  2250 | D:3      | 2250 ||| UPGRADING to +0 cloak.
  2255 | D:3      | 2255 ||| READING scroll labelled TEVE NUMUCLOS.
  2256 | D:3      | 2256 ||| DRINKING 3 glowing yellow potions.
  2285 | D:3      | 2285 ||| DRINKING 2 coppery potions.
  2286 | D:3      | 2286 ||| DRINKING 2 smoky amethyst potions.
  2312 | D:4      | 2312 ||| STAIRDANCE
  2375 | D:4      | Reached skill level 5 in Axes
  2434 | D:4      | 2434 ||| STAIRDANCE
  2565 | D:4      | Reached XP level 6. HP: 32/38 MP: 6/6
  2642 | D:4      | Reached skill level 1 in Dodging
  2676 | D:4      | 2676 ||| READING scroll of enchant weapon.
  2676 | D:4      | 2676 ||| ENCHANTING +1 war axe of draining.
  2677 | D:4      | 2677 ||| DROPPING +2 war axe.
  2800 | D:4      | 2800 ||| Stepping ~*~*~tactically~*~*~ (stealth).
  3672 | D:4      | 3672 ||| UPGRADING to +0 chain mail.
  3682 | D:4      | 3682 ||| DROPPING +0 scale mail.
  3683 | D:4      | 3683 ||| DROPPING scarf of harm.
  3684 | D:4      | 3684 ||| READING scroll labelled CAWOEC EBRYKOT.
  3685 | D:4      | 3685 ||| READING 2 scrolls labelled CORUOTR IHUHO.
  3686 | D:4      | 3686 ||| READING scroll of enchant armour.
  3686 | D:4      | 3686 ||| ENCHANTING +0 helmet.
  3687 | D:4      | 3687 ||| READING scroll labelled KAYNO VISMESM.
  3690 | D:4      | 3690 ||| READING 5 scrolls of identify.
  3690 | D:4      | 3690 ||| IDENTIFYING sedimented silvery potion
  3691 | D:4      | 3691 ||| READING 4 scrolls of identify.
  3691 | D:4      | 3691 ||| IDENTIFYING fizzy silvery potion
  3692 | D:4      | 3692 ||| READING 3 scrolls of identify.
  3692 | D:4      | 3692 ||| IDENTIFYING viscous inky potion
  3693 | D:4      | 3693 ||| READING 2 scrolls of identify.
  3693 | D:4      | 3693 ||| IDENTIFYING pink potion
  3694 | D:4      | 3694 ||| DROPPING potion of degeneration.
  3695 | D:4      | 3695 ||| DROPPING potion of flight.
  3704 | D:5      | Entered Level 5 of the Dungeon
  3724 | D:5      | Reached skill level 6 in Axes
  3724 | D:5      | Reached XP level 7. HP: 43/43 MP: 7/7
  3826 | D:5      | 3826 ||| Stepping ~*~*~tactically~*~*~ (hiding).
  3828 | D:5      | 3828 ||| Stepping ~*~*~tactically~*~*~ (hiding).
  3845 | D:5      | 3845 ||| Stepping ~*~*~tactically~*~*~ (stealth).
  3846 | D:5      | 3846 ||| DROPPING +2 spectral club.
  3848 | D:5      | 3848 ||| Stepping ~*~*~tactically~*~*~ (hiding).
  3982 | D:5      | 3982 ||| DRINKING potion of curing.
  3982 | D:5      | 3982 ||| (to cure confusion)
  4061 | D:5      | Identified the +1 sling of Uncertain Death {flame, rN+
                  | Will+ Stlth+}
  4069 | D:5      | Reached skill level 7 in Axes
  4091 | D:5      | 4091 ||| READING scroll of enchant weapon.
  4091 | D:5      | 4091 ||| ENCHANTING +2 war axe of draining.
  4135 | D:5      | Reached XP level 8. HP: 47/49 MP: 8/8
  4172 | D:5      | Reached skill level 1 in Throwing
  4465 | D:5      | 4465 ||| UPGRADING to +0 pair of gloves.
  4470 | D:5      | 4470 ||| READING scroll labelled QIYGHU MICUACIGG.
  4471 | D:5      | 4471 ||| READING scroll labelled PARIEWINGO.
  4471 | D:5      | Identified a scroll of acquirement
  4471 | D:5      | 4471 ||| ACQUIRING amulet of reflection
  4471 | D:5      | Acquired an amulet of reflection
  4473 | D:5      | 4473 ||| UPGRADING to amulet of reflection.
  4549 | D:6      | 4549 ||| Stepping ~*~*~tactically~*~*~ (cloud).
  4564 | D:6      | 4564 ||| FLEEEEING.
  4565 | D:6      | 4565 ||| FLEEEEING.
  4566 | D:6      | 4566 ||| FLEEEEING.
  4567 | D:6      | 4567 ||| FLEEEEING.
  4568 | D:6      | 4568 ||| STAIRDANCE
  4737 | D:6      | Reached skill level 8 in Axes
  4856 | D:6      | Reached skill level 6 in Fighting
  4856 | D:6      | Found a broken altar of Ashenzari.
  4985 | D:6      | 4985 ||| Stepping ~*~*~tactically~*~*~ (stealth).
  4997 | D:6      | 4997 ||| Stepping ~*~*~tactically~*~*~ (hiding).
  4998 | D:6      | 4998 ||| Stepping ~*~*~tactically~*~*~ (hiding).
  4999 | D:6      | 4999 ||| Stepping ~*~*~tactically~*~*~ (hiding).
  5001 | D:6      | 5001 ||| Stepping ~*~*~tactically~*~*~ (hiding).
  5028 | D:6      | Reached XP level 9. HP: 44/55 MP: 9/9
  5112 | D:6      | Reached skill level 9 in Axes
  5216 | D:6      | 5216 ||| READING scroll labelled NACKIM VIAGRIRR.
  5217 | D:6      | 5217 ||| DROPPING +0 flail.
  5218 | D:6      | 5218 ||| READING scroll labelled WETUZI JITWU.
  5219 | D:6      | 5219 ||| READING 3 scrolls of identify.
  5219 | D:6      | 5219 ||| IDENTIFYING fuming purple potion
  5220 | D:6      | 5220 ||| READING 2 scrolls of identify.
  5220 | D:6      | 5220 ||| IDENTIFYING dark potion
  5240 | D:7      | Found a staircase to the Ecumenical Temple.
  5241 | D:7      | 5241 ||| PLANNING TEMPLE
  5249 | Temple   | Entered the Ecumenical Temple
  5266 | Temple   | 5266 ||| PLANNING OKAWARU WORSHIP
  5446 | Temple   | Became a worshipper of Warmaster Okawaru
  5446 | Temple   | 5446 ||| PLANNING D:1-11
  5495 | D:7      | 5495 ||| FLEEEEING.
  5496 | D:7      | 5496 ||| FLEEEEING.
  5497 | D:7      | 5497 ||| FLEEEEING.
  5499 | D:7      | 5499 ||| FLEEEEING.
  5500 | D:7      | 5500 ||| FLEEEEING.
  5501 | D:7      | 5501 ||| FLEEEEING.
  5502 | D:7      | 5502 ||| FLEEEEING.
  5503 | D:7      | 5503 ||| FLEEEEING.
  5504 | D:7      | 5504 ||| FLEEEEING.
  5512 | D:7      | 5512 ||| Stepping ~*~*~tactically~*~*~ (cloud).
  5818 | D:7      | 5818 ||| Stepping ~*~*~tactically~*~*~ (stealth).
  5823 | D:7      | 5823 ||| Stepping ~*~*~tactically~*~*~ (hiding).
  5835 | D:7      | 5835 ||| Stepping ~*~*~tactically~*~*~ (stealth).
  5836 | D:7      | Reached * piety under Okawaru
  5852 | D:7      | 5852 ||| Stepping ~*~*~tactically~*~*~ (hiding).
  5854 | D:7      | 5854 ||| INVOKING Heroism.
  5858 | D:7      | Reached skill level 1 in Invocations
  5896 | D:7      | Found a bloodstained altar of Trog.
  5918 | D:7      | Found a snail-covered altar of Cheibriados.
  5976 | D:7      | 5976 ||| INVOKING Heroism.
  5982 | D:7      | Noticed Pikel
  6000 | D:7      | Killed Pikel
  6000 | D:7      | Reached ** piety under Okawaru
  6001 | D:7      | 6001 ||| INVOKING Heroism.
  6005 | D:7      | Reached skill level 10 in Axes
  6017 | D:7      | Reached XP level 10. HP: 36/63 MP: 9/13
  6201 | D:7      | 6201 ||| INVOKING Heroism.
  6209 | D:7      | 6209 ||| DRINKING 2 potions of curing.
  6209 | D:7      | 6209 ||| (to cure confusion)
  6293 | D:7      | 6293 ||| INVOKING Heroism.
  6303 | D:7      | 6303 ||| Stepping ~*~*~tactically~*~*~ (stealth).
  6315 | D:7      | 6315 ||| Stepping ~*~*~tactically~*~*~ (stealth).
  6323 | D:7      | 6323 ||| INVOKING Heroism.
  6325 | D:7      | 6325 ||| Stepping ~*~*~tactically~*~*~ (water).
  6515 | D:7      | 6515 ||| READING scroll of enchant armour.
  6515 | D:7      | 6515 ||| ENCHANTING +0 pair of gloves.
  6629 | D:7      | 6629 ||| UPGRADING to +0 plate armour.
  6639 | D:7      | 6639 ||| DROPPING +0 chain mail.
  6640 | D:7      | 6640 ||| READING 2 scrolls of identify.
  6640 | D:7      | 6640 ||| IDENTIFYING orange potion
  6641 | D:7      | 6641 ||| DROPPING potion of ambrosia.
  6656 | D:8      | Reached skill level 6 in Armour
  6658 | D:8      | 6658 ||| INVOKING Heroism.
  6711 | D:8      | 6711 ||| Stepping ~*~*~tactically~*~*~ (stealth).
  6713 | D:8      | 6713 ||| Stepping ~*~*~tactically~*~*~ (stealth).
  6826 | D:8      | 6826 ||| Stepping ~*~*~tactically~*~*~ (hiding).
  7236 | D:8      | 7236 ||| INVOKING Heroism.
  7250 | D:8      | HP: 15/64 [wight/+0 halberd (9)]
  7251 | D:8      | 7251 ||| READING scroll of teleportation.
  7252 | D:8      | 7252 ||| DRINKING potion of heal wounds.
  7256 | D:8      | Found Mudo Leo's Lightly-Used Armoury.
  7290 | D:8      | 7290 ||| INVOKING Heroism.
  7293 | D:8      | 7293 ||| SHOPLISTING -3 gold dragon scales (845 gold, have
                  | 388).
  7363 | D:8      | 7363 ||| Stepping ~*~*~tactically~*~*~ (stealth).
  7382 | D:8      | 7382 ||| READING scroll of brand weapon.
  7382 | D:8      | 7382 ||| BRANDING +3 war axe of flaming.
  7406 | D:8      | Noticed Maggie
  7407 | D:8      | 7407 ||| Stepping ~*~*~tactically~*~*~ (stealth).
  7409 | D:8      | 7409 ||| Stepping ~*~*~tactically~*~*~ (hiding).
  7425 | D:8      | Killed Maggie
  7450 | D:8      | 7450 ||| DROPPING +0 morningstar.
  7562 | D:8      | 7562 ||| UPGRADING to +0 pair of boots.
  7567 | D:8      | 7567 ||| DROPPING amulet of the acrobat.
  7629 | D:9      | 7629 ||| INVOKING Heroism.
  7757 | D:9      | 7757 ||| INVOKING Heroism.
  8077 | D:9      | 8077 ||| Stepping ~*~*~tactically~*~*~ (hiding).
  8080 | D:9      | 8080 ||| Stepping ~*~*~tactically~*~*~ (hiding).
  8195 | D:9      | 8195 ||| Stepping ~*~*~tactically~*~*~ (hiding).
  8538 | D:9      | 8538 ||| Stepping ~*~*~tactically~*~*~ (stealth).
  8557 | D:9      | Found a staircase to the Lair.
  8624 | D:9      | 8624 ||| INVOKING Heroism.
  8977 | D:9      | 8977 ||| PLANNING LAIR
  8977 | D:9      | 8977 ||| READING 2 scrolls labelled JULATOUDUMN.
  8978 | D:9      | 8978 ||| READING scroll labelled MUFOETTIWI.
  8979 | D:9      | 8979 ||| DROPPING scroll of noise.
  9073 | Lair:1   | Entered Level 1 of the Lair of Beasts
  9083 | Lair:1   | Reached skill level 11 in Axes
  9084 | Lair:1   | Reached XP level 11. HP: 66/68 MP: 14/14
  9086 | Lair:1   | Reached *** piety under Okawaru
  9091 | Lair:1   | 9091 ||| STAIRDANCE
  9148 | Lair:1   | 9148 ||| INVOKING Heroism.
  9153 | Lair:1   | Reached skill level 9 in Fighting
  9405 | Lair:1   | 9405 ||| READING scroll of enchant armour.
  9405 | Lair:1   | 9405 ||| ENCHANTING +1 pair of gloves.
  9417 | Lair:1   | 9417 ||| INVOKING Heroism.
  9426 | Lair:1   | Reached skill level 9 in Armour
  9524 | Lair:1   | Found a frozen archway.
  9637 | Lair:1   | 9637 ||| SWAPPING to +0 broad axe.
  9638 | Lair:1   | 9638 ||| DROPPING +3 war axe of protection.
  9642 | Lair:1   | 9642 ||| READING scroll of enchant weapon.
  9642 | Lair:1   | 9642 ||| ENCHANTING +0 broad axe.
  9648 | Lair:1   | 9648 ||| READING scroll of acquirement.
  9648 | Lair:1   | 9648 ||| ACQUIRING +2 buckler of the Wizarding Planets
                  | {Stlth+}
  9648 | Lair:1   | Acquired the +2 buckler of the Wizarding Planets {Stlth+}
  9650 | Lair:1   | 9650 ||| UPGRADING to +2 buckler of the Wizarding Planets
                  | {Stlth+}.
  9660 | Lair:1   | 9660 ||| DROPPING +0 buckler.
  9718 | Lair:1   | Noticed a death yak
  9718 | Lair:1   | Noticed a death yak
  9719 | Lair:1   | 9719 ||| INVOKING Heroism.
  9737 | Lair:1   | 9737 ||| INVOKING Heroism.
  9738 | Lair:1   | Killed a death yak
  9738 | Lair:1   | HP: 14/71 [torpor snail (8)]
  9739 | Lair:1   | Reached skill level 12 in Axes
  9739 | Lair:1   | 9739 ||| READING scroll of teleportation.
  9741 | Lair:1   | HP: 5/71 [torpor snail (11)]
 10094 | Lair:2   | You fall into a shaft and drop 1 floor!
 10109 | Lair:2   | 10109 ||| Stepping ~*~*~tactically~*~*~ (stealth).
 10112 | Lair:2   | 10112 ||| INVOKING Heroism.
 10132 | Lair:2   | Reached **** piety under Okawaru
 10139 | Lair:2   | Reached skill level 6 in Shields
 10309 | Lair:2   | 10309 ||| INVOKING Heroism.
 10460 | Lair:2   | 10460 ||| INVOKING Heroism.
 10501 | Lair:2   | 10501 ||| INVOKING Heroism.
 10509 | Lair:2   | 10509 ||| Stepping ~*~*~tactically~*~*~ (stealth).
 10520 | Lair:2   | 10520 ||| INVOKING Heroism.
 10534 | Lair:2   | HP: 13/72 [tyrant leech (13)]
 10541 | Lair:2   | HP: 4/72 [swamp worm (7)]
 10542 | Lair:2   | Demolished by a tyrant leech

Levels and vault maps discovered:
D:1:      dpeg_arrival_simpleton_a, layout_basic, ebering_ecumenical_altar_mist
D:2:      layout_rooms, st_stairs_14
D:3:      layout_loops_ring, nicolae_overflow_hidden_temple,
          lightli_temple_of_fire, chequers_serial_rivers_marsh,
          serial_park_tiny_pond, mrwooster_statue_mirror,
          kennysheep_generic_room_6, uniq_robin
D:4:      layout_layer_cave, kennysheep_generic_room_3
D:5:      layout_basic
D:6:      layout_loops_cross, ashenzari_altar_1
D:7:      layout_rooms, trog_book, mainiacjoe_overflow_24_doors,
          minmay_temple_entry_large_hall, serial_corexii_hall,
          corexii_hall_statues_i, corexii_hall_statues_t,
          corexii_hall_statues_s, corexii_hall_statues_i,
          corexii_hall_statues_l, chequers_hall_statues_y, enter_bailey_4,
          patterned_corridor, uniq_pikel
D:8:      layout_loops_cross, serial_demonic, serial_demonic_a,
          serial_demonic_a, serial_demonic_f, serial_demonic_b,
          serial_demonic_c, serial_demonic_g, minmay_shop_damaged,
          hangedman_decor_slide_cut, kb_lookout_dungeons_type, uniq_maggie
D:9:      layout_layer_cave, lair_entry_dummy, abandoned_shop,
          nicolae_lava_and_water
Temple:   bh_familiar_temple
Lair:1:   layout_cellular_growth, portal_ice_cave_rime
Lair:2:   layout_gridlike, minmay_swamp_entry_worms
Lair:3:   layout_cave_shapes, guppyfry_snake_entry_garden

Skill      XL: |  1  2  3  4  5  6  7  8  9 10 11 |
---------------+----------------------------------+-----
Axes           | 2 3 4 5 6 7 8 10 11 12 | 12.1
Fighting       | 4 5 6 7 8 10 | 10.0
Dodging        | 1 2 |  2.2
Throwing       | 1 |  1.8
Armour         | 4 5 8 9 |  9.0
Shields        | 4 5 6 |  6.0
Invocations    | 4 |  4.7

Action                     |  1- 3 |  4- 6 |  7- 9 | 10-12 || total
---------------------------+-------+-------+-------+-------++-------
  Melee: War axe           |   124 |   142 |   225 |   312 ||   803
         Broad axe         |       |       |       |   106 ||   106
  Throw: Boomerang         |       |       |    27 |    65 ||    92
 Invoke: Heroism           |       |       |     3 |    18 ||    21
    Use: Scroll            |     3 |    11 |     7 |    10 ||    31
         Potion            |     1 |     3 |     1 |     2 ||     7
 Armour: Scale mail        |    58 |    60 |       |       ||   118
         Chain mail        |       |    23 |   127 |     5 ||   155
         Plate armour      |       |       |       |   193 ||   193
  Dodge: Dodged            |    60 |    50 |    75 |   110 ||   295
  Block: Buckler           |    22 |    21 |    86 |   210 ||   339
         Reflection        |       |       |     1 |     8 ||     9

Table legend:
 A = Non-vault XP
 B = Vault XP
 C = Vault XP percentage of total XP
 D = Non-vault monster count
 E = Vault monster count
 F = Vault count percentage of total count
                 A         B        C        D         E       F
            +---------+---------+-------+---------+---------+-------
      Total |   15488 |    2655 |  14.6 |     251 |      36 |  12.5
            +---------+---------+-------+---------+---------+-------
        D:1 |      42 |       0 |   0.0 |      25 |       0 |   0.0
        D:2 |      36 |       2 |   5.3 |      15 |       1 |   6.2
        D:3 |     101 |      42 |  29.4 |      18 |      16 |  47.1
        D:4 |     256 |       0 |   0.0 |      18 |       0 |   0.0
        D:5 |     936 |       0 |   0.0 |      32 |       0 |   0.0
        D:6 |    1154 |       0 |   0.0 |      21 |       0 |   0.0
        D:7 |    1804 |     630 |  25.9 |      39 |       6 |  13.3
        D:8 |    1317 |     570 |  30.2 |      23 |       8 |  25.8
        D:9 |    2058 |       0 |   0.0 |      25 |       0 |   0.0
     Lair:1 |    4993 |     785 |  13.6 |      22 |       2 |   8.3
     Lair:2 |    2791 |     626 |  18.3 |      13 |       3 |  18.8
            +---------+---------+-------+---------+---------+-------
